[Event "41st Amateur D7"]
[Site "ChessGUI4"]
[Date "2013.07.10"]
[Round "27.2"]
[White "Waxman 2011"]
[Black "MadChess 1.2"]
[Result "1/2-1/2"]
[BlackElo "2200"]
[ECO "A29"]
[EventDate "2013.??.??"]
[TimeControl "40/1500:40/1500:40/1500"]
[WhiteElo "2256"]

{ i5 Quad } 1.c4 e5 2.Nc3 Nf6 3.Nf3 Nc6 4.g3 d5 5.cxd5 Nxd5 6.Bg2 Nb6 7.O-O Be7 8.Rb1 Be6 9.d3 O-O
{ [%eval 3,10] [%emt 0:00:40] (f6) } 10.Be3
{ [%eval -30,12] [%emt 0:01:24] (b3) } 10...Qd7
{ [%eval 14,9] [%emt 0:00:39] (Nd5) } 11.d4
{ [%eval -13,12] [%emt 0:00:44] (d4) } 11...exd4
{ [%eval -8,12] [%emt 0:00:57] (exd4) } 12.Nxd4
{ [%eval -9,13] [%emt 0:00:52] (Nxd4) } 12...Nxd4
{ [%eval 0,11] [%emt 0:00:19] (Nxd4) } 13.Qxd4
{ [%eval -24,12] [%emt 0:00:33] (Qxd4) } 13...c6
{ [%eval 1,11] [%emt 0:00:43] (Qxd4) } 14.Rfd1
{ [%eval -23,12] [%emt 0:00:47] (Rbd1) } 14...Rfd8
{ [%eval -14,10] [%emt 0:00:29] (Qxd4) } 15.Qe4
{ [%eval -7,12] [%emt 0:00:59] (b3) } 15...Bd6
{ [%eval -15,10] [%emt 0:00:30] (Nd5) } 16.Bg5
{ [%eval 4,12] [%emt 0:00:40] (b3) } 16...f6
{ [%eval -12,11] [%emt 0:00:33] (f6) } 17.Bf4
{ [%eval 8,13] [%emt 0:00:55] (Bf4) } 17...Nc4
{ [%eval -20,10] [%emt 0:00:31] (Nc4) } 18.b3
{ [%eval 7,12] [%emt 0:00:45] (b3) } 18...Ne5
{ [%eval 0,11] [%emt 0:00:35] (Ne5) } 19.Rd2
{ [%eval -1,12] [%emt 0:00:44] (Qc2) } 19...Qe7
{ [%eval 9,11] [%emt 0:00:37] (Qe7) } 20.Rbd1
{ [%eval -1,12] [%emt 0:00:43] (Rbd1) } 20...Bc7
{ [%eval 7,11] [%emt 0:00:43] (Bc7) } 21.Qc2
{ [%eval -10,12] [%emt 0:00:43] (h3) } 21...Rxd2
{ [%eval -1,10] [%emt 0:00:21] (Rxd2) } 22.Bxd2
{ [%eval -8, 13] [%emt 0:01:05] (Bxd2) } 22...Rd8
{ [%eval 9,11] [%emt 0:00:37] (Rd8) } 23.Be4
{ [%eval -10,13] [%emt 0:00:49] (Ne4) } 23...g6
{ [%eval -7,10] [%emt 0:00:24] (h6) } 24.Be3
{ [%eval -6,12] [%emt 0:00:34] (Na4) } 24...Bb6
{ [%eval 7,12] [%emt 0:00:57] (a6) } 25.Bxb6
{ [%eval -7,12] [%emt 0:00:32] (Bxb6) } 25...axb6
{ [%eval 18,11] [%emt 0:00: 22] (axb6) } 26.Bg2
{ [%eval -5,12] [%emt 0:00:32] (Rd2) } 26...Kg7
{ [%eval 15,11] [%emt 0:00:28] (Kg7) } 27.h3
{ [%eval -3,13] [%emt 0:00:49] (Ne4) } 27...h5
{ [%eval 10,11] [%emt 0:00:47] (Rd7) } 28.Rxd8
{ [%eval 0,13] [%emt 0:00:46] (Ne4) } 28...Qxd8
{ [%eval 10,13] [%emt 0:00:48] (Qxd8) } 29.Qd1
{ [%eval 2,13] [%emt 0:00:34] (Kh2) } 29...Qxd1+
{ [%eval 0,14] [%emt 0:01:02] (Qxd1) } 30.Nxd1
{ [%eval 1,13] [%emt 0:00:08] (Nxd1) } 30...g5
{ [%eval 6,15] [%emt 0:03:10] (Nf7) } 31.Ne3
{ [%eval 0,15] [%emt 0:00:58] (f4) } 31...Ng6
{ [%eval 11,14] [%emt 0:00:51] (Nf7) } 32.Nc2
{ [%eval -1,15] [%emt 0:00:51] (Kh2) } 32...h4
{ [%eval 10,12] [%emt 0:00:25] (h4) } 33.e3
{ [%eval 0,15] [%emt 0:00:30] (e4) } 33...hxg3
{ [%eval 18,14] [%emt 0:00:44] (hxg3) } 34.fxg3
{ [%eval -2,14] [%emt 0:00:11] (fxg3) } 34...Bd7
{ [%eval 23,13] [%emt 0:00: 32] (Bd7) } 35.g4
{ [%eval -7,16] [%emt 0:01:10] (Kf2) } 35...b5
{ [%eval 26,14] [%emt 0:00:57] (Ne5) } 36.Kf2
{ [%eval -7,16] [%emt 0:00:42] (Kf2) } 36...b6
{ [%eval 32,13] [%emt 0:00:19] (Ne5) } 37.Nb4
{ [%eval -8,16] [%emt 0:00:36] (Nb4) } 37...Ne5
{ [%eval 45,15] [%emt 0:00:54] (Ne5) } 38.Ke2
{ [%eval -6,16] [%emt 0:00:31] (Ke2) } 38...Kf7
{ [%eval 54,16] [%emt 0:01:05] (Kf7) } 39.a3
{ [%eval -10,16] [%emt 0:00: 25] (Be4) } 39...Ke6
{ [%eval 41,15] [%emt 0:00:47] (Ke6) } 40.Kd2
{ [%eval -9,16] [%emt 0:00:22] (Kd2) } 40...Kd6
{ [%eval 43,14] [%emt 0:00:19] (Kd6) } 41.Be4
{ [%eval -16,16] [%emt 0:01:05] (Na2) } 41...Be6
{ [%eval 78,17] [%emt 0:01:31] (Be6) } 42.Kc2
{ [%eval -12,17] [%emt 0:00:57] (Kc3) } 42...c5
{ [%eval 110,17] [%emt 0:01:57] (Bg8) } 43.Na2
{ [%eval -18,16] [%emt 0:00:30] (Na2) } 43...c4
{ [%eval 85,16] [%emt 0: 01:17] (Nc6) } 44.b4
{ [%eval -7,16] [%emt 0:00:27] (b4) } 44...Nf7
{ [%eval 87,17] [%emt 0:01:27] (Nf7) } 45.Nc3
{ [%eval -4,16] [%emt 0:00:22] (Nc3) } 45...Ke5
{ [%eval 80,17] [%emt 0:01:37] (Ke5) } 46.Bc6
{ [%eval -6,16] [%emt 0:00:29] (Bc6) } 46...f5
{ [%eval 46,16] [%emt 0:00:28] (f5) } 47.Nxb5
{ [%eval 5,17] [%emt 0:00:45] (Nxb5) } 47...fxg4
{ [%eval 49,17] [%emt 0:00:53] (fxg4) } 48.hxg4
{ [%eval 3,16] [%emt 0:00:23] (hxg4) } 48...Nh6
{ [%eval 24,17] [%emt 0:01:40] (Bxg4) } 49.Kd2
{ [%eval 19,16] [%emt 0:00:32] (Kd2) } 49...Nxg4
{ [%eval 3,16] [%emt 0:00:45] (Nxg4) } 50.a4
{ [%eval 12,16] [%emt 0:00:36] (a4) } 50...Bc8
{ [%eval 27,15] [%emt 0:00:21] (Bc8) } 51.Nd4
{ [%eval 11,15] [%emt 0:00:29] (Na3) } 51...Nf6
{ [%eval 18,14] [%emt 0: 00:37] (Kd6) } 52.Kc3
{ [%eval -9,16] [%emt 0:00:40] (Kc3) } 52...Nd5+
{ [%eval 36,17] [%emt 0:00:50] (Nd5) } 53.Kxc4
{ [%eval -10,18] [%emt 0:00:34] (Kxc4) } 53...Nxe3+
{ [%eval 33,17] [%emt 0:00:37] (Nxe3) } 54.Kd3
{ [%eval -14,18] [%emt 0:00:34] (Kd3) } 54...Nd1
{ [%eval 0,16] [%emt 0:00:49] (Nd5) } 55.Ne2
{ [%eval -1,16] [%emt 0: 00:36] (a5) } 55...g4
{ [%eval 15,14] [%emt 0:00:40] (Nf2) } 56.Kd2
{ [%eval 0,18] [%emt 0:00:38] (Kd2) } 56...Nf2
{ [%eval 0,17] [%emt 0:00:48] (Nb2) } 57.Nc3
{ [%eval 0,16] [%emt 0:00:45] (Ke3) } 57...Kd4
{ [%eval 0,14] [%emt 0:00:28] (Kd4) } 58.Nb5+
{ [%eval 0,18] [%emt 0:00:37] (Nb5) } 58...Ke5
{ [%eval 0,18] [%emt 0:00:27] (Ke5) } 59.Nc3
{ [%eval 0,18] [%emt 0:00:45] (Nc3) } 59...Kd4 60.Nb5+
{ [%eval 0,18] [%emt 0:00:42] (Nb5) } 60...Ke5 61.Nc3 { [%eval 0,20] [%emt 0:00:36] (Nc3) }
1/2-1/2

[Event "41st Amateur D7"]
[Site "ChessGUI4"]
[Date "2013.07.10"]
[Round "27.3"]
[White "Gibbon 2.57a 64-bit"]
[Black "Shallow 1.0 64-bit"]
[Result "1/2-1/2"]
[BlackElo "2200"]
[ECO "B04"]
[EventDate "2013.??.??"]
[TimeControl "40/1500:40/1500:40/1500"]
[WhiteElo "2251"]

{ i5 Quad } 1.e4 Nf6 2.e5 Nd5 3.d4 d6 4.Nf3 dxe5 5.Nxe5 c6 6.Bd3 Nd7 7.O-O Nxe5 8.dxe5 Be6 9.Qe2 g6
{ [%eval -5,13] [%emt 0:00:42] (g6) } 10.Rd1
{ [%eval 12,14] [%emt 0:01:22] (Bd2) } 10...Qc7
{ [%eval 2,13] [%emt 0:00:42] (Qc7) } 11.Bc4
{ [%eval 13,14] [%emt 0:00:58] (a3) } 11...Bg7
{ [%eval 2,14] [%emt 0:00:42] (Bg7) } 12.Bxd5
{ [%eval 0,13] [%emt 0:00:22] (Bxd5) } 12...cxd5
{ [%eval 5,14] [%emt 0:00:42] (cxd5) } 13.Bf4
{ [%eval 2,14] [%emt 0:00:58] (f4) } 13...g5
{ [%eval 19,13] [%emt 0:00:42] (O-O) } 14.Bxg5
{ [%eval 22,13] [%emt 0:00:42] (Bxg5) } 14...Bxe5
{ [%eval 26,12] [%emt 0:00:42] (Bxe5) } 15.Nc3
{ [%eval 3,12] [%emt 0:00:52] (h4) } 15...Rg8
{ [%eval 79,12] [%emt 0:00:42] (Bxc3) } 16.h4
{ [%eval 11,12] [%emt 0:00:15] (Be3) } 16...Bxc3
{ [%eval 103,12] [%emt 0:00:42] (Bxc3) } 17.bxc3
{ [%eval 18,12] [%emt 0:00:09] (bxc3) } 17...Qxc3
{ [%eval 104,12] [%emt 0:00:42] (Qxc3) } 18.Rab1
{ [%eval 17,12] [%emt 0:00:33] (Rab1) } 18...Qc6
{ [%eval 104,12] [%emt 0: 00:42] (Qc6) } 19.Rd4
{ [%eval 4,12] [%emt 0:00:36] (g3) } 19...Rc8
{ [%eval 105,11] [%emt 0:01:31] (f6) } 20.Rc1
{ [%eval 9,11] [%emt 0:00:18] (Rdb4) } 20...f6
{ [%eval 113,12] [%emt 0:00:40] (Qc3) } 21.Bd2
{ [%eval 2,12] [%emt 0:00:21] (Be3) } 21...Bf7
{ [%eval 121,11] [%emt 0:00:40] (Bf5) } 22.g3
{ [%eval 11,11] [%emt 0:00:19] (a3) } 22...e5
{ [%eval 122,12] [%emt 0:00:40] (Qa6) } 23.Rb4
{ [%eval 10,12] [%emt 0:00:35] (Rb4) } 23...Bg6
{ [%eval 122,11] [%emt 0:00:40] (Bg6) } 24.Qe3
{ [%eval 6,11] [%emt 0: 00:16] (Be3) } 24...b6
{ [%eval 132,12] [%emt 0:00:40] (b6) } 25.c3
{ [%eval -34,12] [%emt 0:00:35] (Qe2) } 25...Be4
{ [%eval 136,12] [%emt 0:00:40] (Be4) } 26.Qe2
{ [%eval -55,12] [%emt 0:00:34] (Qe2) } 26...Ke7
{ [%eval 136,11] [%emt 0:00:40] (13) } 27.Kh2
{ [%eval -66,11] [%emt 0:00:32] (Qa6) } 27...Rge8
{ [%eval 136,11] [%emt 0:00: 40] (Rc7) } 28.Be3
{ [%eval -58,10] [%emt 0:00:10] (a3) } 28...Qd6
{ [%eval 134,11] [%emt 0:00:40] (Kd8) } 29.Rd1
{ [%eval -70,11] [%emt 0:00:16] (a3) } 29...Qe6
{ [%eval 137,11] [%emt 0:00:40] (Bf5) } 30.f3
{ [%eval -69,11] [%emt 0:00:11] (f3) } 30...Bg6
{ [%eval 135,11] [%emt 0:00:40] (Bf5) } 31.Ra4
{ [%eval -95,11] [%emt 0:00: 26] (Qb2) } 31...a5
{ [%eval 145,11] [%emt 0:00:40] (Rc7) } 32.Ra3
{ [%eval -103,11] [%emt 0:00:12] (Ra3) } 32...Red8
{ [%eval 141,11] [%emt 0:00:40] (Rc4) } 33.Rd2
{ [%eval -66,10] [%emt 0:00:12] (Rc1) } 33...Rd6
{ [%eval 135,11] [%emt 0:00:40] (Bh5) } 34.Qa6
{ [%eval -87,11] [%emt 0:00:37] (Qf2) } 34...Rc4
{ [%eval 141,11] [%emt 0:00: 40] (Rc4) } 35.Rb3
{ [%eval -91,10] [%emt 0:00:11] (Rb3) } 35...d4
{ [%eval 130,12] [%emt 0:00:40] (d4) } 36.cxd4
{ [%eval -76,11] [%emt 0:00:16] (cxd4) } 36...exd4
{ [%eval 119,11] [%emt 0:00:40] (exd4) } 37.Bf4
{ [%eval -57,12] [%emt 0:00:13] (Bf4) } 37...Rdc6
{ [%eval 23,12] [%emt 0:00:40] (Rdc6) } 38.Qb7+
{ [%eval -56,12] [%emt 0:00:19] (Qb7) } 38...Ke8
{ [%eval 18,13] [%emt 0:00:40] (Ke8) } 39.Qb8+
{ [%eval -52,12] [%emt 0:00:10] (Qb8) } 39...Kf7
{ [%eval 14,13] [%emt 0:00:40] (Kf7) } 40.Bh6
{ [%eval -53,12] [%emt 0:00:09] (Bh6) } 40...Qd6
{ [%eval 8,13] [%emt 0:00:40] (Qd6) } 41.Qb7+
{ [%eval -44,14] [%emt 0:01:13] (Qb7) } 41...Qe7
{ [%eval 4,13] [%emt 0:00:37] (Qc7) } 42.Rxb6
{ [%eval -19,14] [%emt 0:01:26] (Rxb6) } 42...Rxb6
{ [%eval 0, 13] [%emt 0:00:37] (Qxb7) } 43.Qxb6
{ [%eval 0,13] [%emt 0:00:10] (Qxb6) } 43...a4
{ [%eval -4,12] [%emt 0:00:37] (a4) } 44.Qb5
{ [%eval 0,14] [%emt 0:00:31] (Qb5) } 44...Qe6
{ [%eval -7,12] [%emt 0:00:37] (Qe6) } 45.Qb7+
{ [%eval 0,14] [%emt 0:00:43] (Qb8) } 45...Qe7
{ [%eval -6,13] [%emt 0:00:37] (Qe7) } 46.Qd5+
{ [%eval 0,15] [%emt 0: 00:30] (Qb5) } 46...Qe6
{ [%eval -5,14] [%emt 0:00:37] (Qe6) } 47.Qb7+
{ [%eval 0,15] [%emt 0:00:37] (Qb7) } 47...Qe7
{ [%eval -6,14] [%emt 0:00:37] (Qe7) } 48.Qd5+
{ [%eval 0,16] [%emt 0:02:07] (Qb5) } 48...Qe6
{ [%eval -6,14] [%emt 0:00:37] (Qe6) } 49.Qb7+
{ [%eval 0,16] [%emt 0:01:48] (Qa8) } 1/2-1/2

[Event "41st Amateur D7"]
[Site "ChessGUI4"]
[Date "2013.07.10"]
[Round "27.4"]
[White "Butcher 1.64 64-bit"]
[Black "ChessKiss 1.7 64-bit"]
[Result "1-0"]
[BlackElo "2214"]
[ECO "C09"]
[EventDate "2013.??.??"]
[TimeControl "40/1500:40/1500:40/1500"]
[WhiteElo "2355"]

{ i5 Quad } 1.e4 e6 2.d4 d5 3.Nd2 c5 4.exd5 exd5 5.Bb5+ Nc6 6.Ngf3 Bd6 7.dxc5 Bxc5 8.O-O Ne7 9.c4 O-O { [%eval 13,13] [%emt 0:00:41] (dxc4) } 10.Nb3
{ [%eval 25,11] [%emt 0:00:53] (cxd5) } 10...Bb6
{ [%eval 30,12] [%emt 0:00:41] (Bb6) } 11.cxd5
{ [%eval 5,11] [%emt 0:00:59] (Be3) } 11...Nxd5
{ [%eval 21,12] [%emt 0:00:40] (Qxd5) } 12.Bc4
{ [%eval 7,11] [%emt 0:00:59] (Nbd4) } 12...Be6
{ [%eval 20,12] [%emt 0:00:39] (Nf6) } 13.Qe2
{ [%eval 11, 10] [%emt 0:01:01] (Bg5) } 13...Re8
{ [%eval 76,10] [%emt 0:00:38] (Nc7) } 14.Ng5
{ [%eval 10,11] [%emt 0:01:03] (Ng5) } 14...Rc8
{ [%eval 36,10] [%emt 0:00:37] (Nc7) } 15.Qd3
{ [%eval 23,11] [%emt 0:01:50] (Qd3) } 15...g6
{ [%eval 45,11] [%emt 0:00:36] (Nf6) } 16.Nxe6
{ [%eval 73,11] [%emt 0:00:57] (Nxe6) } 16...fxe6
{ [%eval 40,12] [%emt 0:00:35] (fxe6) } 17.Qe2
{ [%eval 54,11] [%emt 0:00:58] (Qg3) } 17...Kh8
{ [%eval 46,11] [%emt 0:00:33] (Qf6) } 18.Bd2
{ [%eval 90,10] [%emt 0:00:56] (Kh1) } 18...Qf6
{ [%eval 40,11] [%emt 0:00:33] (Qf6) } 19.Rac1
{ [%eval 73,10] [%emt 0:00: 55] (Rac1) } 19...Red8
{ [%eval 33,10] [%emt 0:00:29] (Kg8) } 20.Rce1
{ [%eval 105,10] [%emt 0:00:51] (Kh1) } 20...Nd4
{ [%eval 65,10] [%emt 0:00:31] (Rd6) } 21.Nxd4
{ [%eval 97,11] [%emt 0:00:41] (Qd3) } 21...Bxd4
{ [%eval 35,12] [%emt 0:00:30] (Bxd4) } 22.b3
{ [%eval 82,10] [%emt 0:00:46] (b3) } 22...Rc6
{ [%eval 33,10] [%emt 0:00:29] (e5) } 23.Qg4
{ [%eval 158,11] [%emt 0:00:46] (Rc1) } 23...h5
{ [%eval -5,10] [%emt 0: 00:30] (Rf8) } 24.Qg3
{ [%eval 151,11] [%emt 0:00:45] (Qg3) } 24...Qg7
{ [%eval -14,10] [%emt 0:00:28] (Qf5) } 25.a3
{ [%eval 164,10] [%emt 0:00:44] (Kh1) } 25...a6
{ [%eval -15,10] [%emt 0:00:30] (e5) } 26.a4
{ [%eval 166,10] [%emt 0:00:44] (Kh1) } 26...Bf6
{ [%eval 0,10] [%emt 0:00:26] (Bf6) } 27.Rd1
{ [%eval 158,10] [%emt 0:00:38] (Kh1) } 27...Be5
{ [%eval -4,10] [%emt 0:00:26] (Rf8) } 28.Qh4
{ [%eval 144,11] [%emt 0:00: 42] (Qf3) } 28...Rd7
{ [%eval -16,10] [%emt 0:00:24] (Rcd6) } 29.a5
{ [%eval 152,10] [%emt 0:00:41] (Bg5) } 29...Rcd6
{ [%eval -13,10] [%emt 0:00:29] (Rcd6) } 30.Rde1
{ [%eval 118,11] [%emt 0:00:40] (Rc1) } 30...b5
{ [%eval 6,10] [%emt 0:00:23] (Bc3) } 31.axb6
{ [%eval 144,11] [%emt 0:00:39] (axb6) } 31...Rxb6
{ [%eval -37,11] [%emt 0:00:22] (Nxb6) } 32.Re2
{ [%eval 175,10] [%emt 0:00:38] (Re4) } 32...Bf6
{ [%eval -42,11] [%emt 0:00:21] (Bd4) } 33.Qh3
{ [%eval 169,11] [%emt 0:00:33] (Qh3) } 33...Qf7
{ [%eval -42,9] [%emt 0:00:08] (Rdd6) } 34.Rfe1
{ [%eval 170,10] [%emt 0:00:31] (Re4) } 34...Bd4
{ [%eval -48,10] [%emt 0:00:21] (Bd4) } 35.Qg3
{ [%eval 167,9] [%emt 0:00:29] (Kh1) } 35...Rc6
{ [%eval -28,10] [%emt 0:00:18] (Rc6) } 36.Bh6
{ [%eval 168, 8] [%emt 0:00:27] (Re4) } 36...Kh7
{ [%eval -12,8] [%emt 0:00:04] (Kg8) } 37.Bc1
{ [%eval 147,10] [%emt 0:00:25] (Bg5) } 37...Bc3
{ [%eval -12,9] [%emt 0:00:20] (Bc3) } 38.Rf1
{ [%eval 130,10] [%emt 0:00:23] (Bd2) } 38...Bg7
{ [%eval -12,10] [%emt 0:00: 19] (Qf5) } 39.Rfe1
{ [%eval 144,10] [%emt 0:00:21] (Rc2) } 39...Bc3
{ [%eval -13,10] [%emt 0:00:23] (Bc3) } 40.Rf1
{ [%eval 141,10] [%emt 0:00:15] (Bd2) } 40...Bg7
{ [%eval 0,10] [%emt 0:00:18] (Qf5) } 41.Bg5
{ [%eval 129,11] [%emt 0:00:49] (Rfe1) } 41...Nc3
{ [%eval -28,12] [%emt 0:01:00] (Nc3) } 42.Ree1
{ [%eval 87,12] [%emt 0:00:49] (Re3) } 42...Qf5
{ [%eval -17,13] [%emt 0:00:57] (Qf5) } 43.Bc1
{ [%eval 90,10] [%emt 0:00:48] (Qf4) } 43...Bf6
{ [%eval -16,11] [%emt 0:00:38] (Bd4) } 44.Qb8
{ [%eval 133,11] [%emt 0:00:48] (Qf4) } 44...Nd5
{ [%eval -39,11] [%emt 0:00: 38] (Nd5) } 45.Qa8
{ [%eval 120,11] [%emt 0:00:48] (Rd1) } 45...Rcd6
{ [%eval -30,12] [%emt 0:00:54] (Rb6) } 46.Ba3
{ [%eval 153,12] [%emt 0:01:17] (Rd1) } 46...Rd8
{ [%eval -62,12] [%emt 0:00:54] (Rd8) } 47.Qa7+
{ [%eval 132,11] [%emt 0:00:50] (Qa7) } 47...R8d7
{ [%eval -69,13] [%emt 0:00:51] (R8d7) } 48.Qc5
{ [%eval 139,11] [%emt 0:00:49] (Qa8) } 48...Bc3
{ [%eval -63,12] [%emt 0:00:49] (Be7) } 49.Rc1
{ [%eval 114,11] [%emt 0:00:50] (Rd1) } 49...Be5
{ [%eval -62,12] [%emt 0:00:48] (Bd2) } 50.Rfe1
{ [%eval 113,10] [%emt 0:00:42] (Rfe1) } 50...Qf6
{ [%eval -61,11] [%emt 0:00: 48] (Qf4) } 51.Qa5
{ [%eval 103,11] [%emt 0:00:48] (Qa5) } 51...Rc6
{ [%eval -55,11] [%emt 0:00:45] (Bc3) } 52.Re4
{ [%eval 107,10] [%emt 0:00:48] (Bd3) } 52...Bd4
{ [%eval -14,11] [%emt 0:00:43] (Bd6) } 53.Qe1
{ [%eval 99,10] [%emt 0:00:47] (Qd2) } 53...Rf7
{ [%eval 5,9] [%emt 0:00:28] (Rf7) } 54.Rc2
{ [%eval 72,10] [%emt 0: 00:40] (Rc2) } 54...Qf5
{ [%eval -7,11] [%emt 0:00:42] (Qf5) } 55.Rce2
{ [%eval 96,10] [%emt 0:00:40] (Ree2) } 55...Bc3
{ [%eval -2,11] [%emt 0:00:54] (Qf6) } 56.Qf1
{ [%eval 94,10] [%emt 0:00:39] (Qf1) } 56...Rd7
{ [%eval -10,11] [%emt 0:00:40] (Kg8) } 57.Bc1
{ [%eval 80,10] [%emt 0:00:34] (f3) } 57...Bg7
{ [%eval 7,10] [%emt 0:00:38] (Rcd6) } 58.Bd2
{ [%eval 119,10] [%emt 0:00:39] (Rh4) } 58...Rdd6
{ [%eval 6,11] [%emt 0:00:37] (Rcd6) } 59.Qe1
{ [%eval 116,11] [%emt 0:00:38] (Qe1) } 59...Qf6
{ [%eval 6, 11] [%emt 0:00:36] (Qf6) } 60.Re5
{ [%eval 112,11] [%emt 0:00:37] (Bxd5) } 60...Qf7
{ [%eval 1,12] [%emt 0:00:35] (Qf7) } 61.R5e4
{ [%eval 115,11] [%emt 0:00:37] (R5e4) } 61...Qf6
{ [%eval 5,12] [%emt 0:00:34] (Qf6) } 62.Qf1
{ [%eval 101,10] [%emt 0:00:37] (Bxd5) } 62...Qf5
{ [%eval 3,12] [%emt 0:00:33] (Qf5) } 63.Re1
{ [%eval 103, 11] [%emt 0:00:36] (Qe1) } 63...Nc3
{ [%eval 1,12] [%emt 0:00:32] (Nc3) } 64.Rf4
{ [%eval 102,11] [%emt 0:00:30] (Rf4) } 64...Qa5
{ [%eval -1,11] [%emt 0:00:31] (Qc2) } 65.Be3
{ [%eval 121,11] [%emt 0:00:35] (Be3) } 65...Nd5
{ [%eval -10,11] [%emt 0:00: 30] (Nd5) } 66.Rf7
{ [%eval 117,11] [%emt 0:00:35] (Re4) } 66...Kg8
{ [%eval -9,11] [%emt 0:00:29] (Nxe3) } 67.Ra7
{ [%eval 128,10] [%emt 0:00:33] (Rf3) } 67...Nxe3
{ [%eval 18,12] [%emt 0:00:28] (Nxe3) } 68.Rxe3
{ [%eval 114,11] [%emt 0:00:30] (Rxe3) } 68...Bd4
{ [%eval -2,12] [%emt 0:00:29] (Bd4) } 69.Ra8+
{ [%eval 95,10] [%emt 0:00:28] (Qb1) } 69...Kg7
{ [%eval 14,10] [%emt 0:00:28] (Kg7) } 70.Re2
{ [%eval 82,10] [%emt 0:00:29] (Rf3) } 70...Qb4
{ [%eval 30,11] [%emt 0:00:26] (g5) } 71.Ra2
{ [%eval 108,11] [%emt 0:00:29] (Kh1) } 71...Kh7
{ [%eval 7,11] [%emt 0:00:25] (h4) } 72.Rf8
{ [%eval 122,10] [%emt 0:00:27] (R8xa6) } 72...Qb7
{ [%eval 23,12] [%emt 0:00:24] (Bg7) } 73.Rf3
{ [%eval 121,10] [%emt 0:00:25] (Rd2) } 73...Bg7
{ [%eval -6,9] [%emt 0:00:06] (Be5) } 74.Ra5
{ [%eval 126,10] [%emt 0:00:23] (Rd3) } 74...Bd4
{ [%eval 5,10] [%emt 0: 00:24] (Qc8) } 75.h3
{ [%eval 135,9] [%emt 0:00:23] (Bd3) } 75...Kh8
{ [%eval 16,9] [%emt 0:00:23] (Kg7) } 76.Qb1
{ [%eval 167,10] [%emt 0:00:22] (Bd3) } 76...Qg7
{ [%eval -5,10] [%emt 0:00:23] (Qg7) } 77.Qc2
{ [%eval 181,10] [%emt 0:00:20] (Kh1) } 77...Qg8
{ [%eval -7,10] [%emt 0:00:24] (Qg8) } 78.Rg5
{ [%eval 191,10] [%emt 0:00:18] (Kh1) } 78...e5
{ [%eval -26,11] [%emt 0:00:21] (e5) } 79.Qd2
{ [%eval 229,10] [%emt 0:00:18] (Qd2) } 79...Qg7
{ [%eval -234,11] [%emt 0:00:20] (Ba1) } 80.Rf7
{ [%eval 401,10] [%emt 0:00:15] (Rf7) } 80...Bc3
{ [%eval -235,10] [%emt 0:00:20] (Rf6) } 81.Qe2
{ [%eval 588,11] [%emt 0:00:50] (Qe2) } 81...Qg8
{ [%eval -522,13] [%emt 0:01: 01] (Rd2) } 82.Qf3
{ [%eval 586,11] [%emt 0:00:49] (Rxe5) } 82...Bd2
{ [%eval -689,12] [%emt 0:01:07] (Bd2) } 83.Rxe5
{ [%eval 1008,11] [%emt 0:00:49] (Rxe5) } 83...Rc8
{ [%eval -821,13] [%emt 0:00:58] (Bb4) } 84.Ree7
{ [%eval 1372,11] [%emt 0:00:48] (Rd5) } 84...Bb4
{ [%eval -983,13] [%emt 0:00:56] (Rb6) } 1-0